 Seeded DCSS version 0.32-a0-961-gd60f5e5fc7 (webtiles) character file.

Game seed: 2024041707 (custom seed)

12619 Orlauf the Spear-Bearer (level 11, 0/92 HPs)
             Began as a Demonspawn Gladiator on Apr 17, 2024.
             Was a Believer of Uskayaw.
             Slain by a steam dragon (2 damage)
             ... on level 8 of the Dungeon.
             The game lasted 00:15:43 (8956 turns).

Orlauf the Spear-Bearer (Demonspawn Gladiator)      Turns: 8956, Time: 00:15:43

Health: 0/92       AC: 15    Str: 24    XL:     11   Next: 64%
Magic:  18/18      EV:  6    Int: 15    God:    Uskayaw [**....]
Gold:   778        SH: 11    Dex: 16    Spells: 10/10 levels left

rFire   . . .        a - +4 trident "Cidooxud" {elec, Fly Str+5}
rCold   . . .        A - +0 kite shield
rNeg    . . .        d - +0 plate armour
rPois   .            c - +1 helmet
rElec   .            v - +0 cloak
rCorr   .            (no gloves)
SInv    .            (no boots)
Will    .....        (no amulet) Stlth
                     H - +6 ring of intelligence
HPRegen 0.35/turn    (no ring)
MPRegen 0.32/turn

%: no passive effects
@: flying, studying 2 skills
A: hooves 1, thin skeletal structure 1, magic regeneration
a: Renounce Religion, Stomp, Line Pass


You were on level 8 of the Dungeon.
You worshipped Uskayaw.
Uskayaw was aware of your devotion.
You visited 2 branches of the dungeon, and saw 9 of its levels.
You also visited: Sewer, Ossuary and Bailey.

You collected 778 gold pieces.

Inventory:

Hand Weapons
 a - the +4 trident "Cidooxud" (weapon) {elec, Fly Str+5}
   (You took it off a gnoll sergeant on level 3 of the Dungeon)

   Str+5:     It affects your strength (+5).
   Fly:       It grants you flight.
 b - the +1 mace of the Poles {protect, Will+ Stlth+}
   (You took it off a hobgoblin on level 2 of the Dungeon)

   Will+:     It increases your willpower.
   Stlth+:    It makes you more stealthy.
 w - a +0 trident
 y - a +3 scythe of freezing
Missiles
 e - a javelin
 f - a throwing net (quivered)
 G - a curare-tipped dart
Armour
 c - a +1 helmet (worn)
 d - a +0 plate armour (worn)
 v - a +0 cloak (worn)
 A - a +0 kite shield (worn)
Jewellery
 x - a ring of wizardry
 H - a +6 ring of intelligence (left hand)
 L - an amulet of guardian spirit
Wands
 j - a wand of mindburst (4)
 k - a wand of iceblast (4)
 J - a wand of paralysis (7)
 M - a wand of light (19)
Scrolls
 g - 4 scrolls of teleportation
 m - 2 scrolls of enchant armour
 p - a scroll of revelation
 q - 2 scrolls of amnesia
 z - a scroll of fear
 C - a scroll of immolation
 E - a scroll of poison
 I - 3 scrolls of blinking
 K - 3 scrolls of identify
Potions
 h - a potion of invisibility
 i - 4 potions of mutation
 l - a potion of resistance
 n - 5 potions of attraction
 o - 3 potions of might
 r - 4 potions of curing
 s - 2 potions of cancellation
 u - a potion of berserk rage
 B - 4 potions of brilliance
 D - 4 potions of haste
 F - a potion of enlightenment
Miscellaneous
 t - a sack of spiders


   Skills:
 + Level 10.8 Fighting
 * Level 10.9 Polearms
 - Level 1.7 Throwing
 - Level 5.4 Armour
 - Level 2.6 Dodging
 + Level 9.3 Shields
 + Level 9.9 Invocations


You had 10 spell levels left.
You didn't know any spells.
Your spell library contained the following spells:

 Spells                   Type           Power      Damage    Failure   Level
 Iskenderun's Battlesphe  Conj           0%         2d6       100%        5
 Bombard                  Conj/Erth      0%         9d1       100%        6
 Spellforged Servitor     Conj/Summ      0%         N/A       100%        7


Dungeon Overview and Level Annotations

Branches:
Dungeon (8/15)             Temple (1/1) D:4           Sewer (visited)
Ossuary (visited)          Bailey (visited)
   Lair: D:8-11

Altars:
Ashenzari
Cheibriados
Dithmenos
Fedhas
Gozag
Hepliaklqana
Kikubaaqudgha
Makhleb
Okawaru
Qazlal
Ru
Trog
Uskayaw
Vehumet
Wu Jian
Xom
Yredelemnul

Shops:
D:4 [   D:6 *

Annotations:
D:8 Joseph


Innate Abilities, Weirdness & Mutations

You have large cloven feet.
You have a somewhat thin skeletal structure. (Dex +2, Stealth+)
You regenerate magic rapidly.


Message History

Joseph, a Mercenary comes into view.
He is wielding a +0 quarterstaff and wearing a +1 leather armour of poison resistance.
Joseph shouts!
Joseph unwields a +0 quarterstaff.
Joseph wields a +0 sling.
Joseph shoots a sling bullet.
The sling bullet hits you!
You puncture the steam dragon!
The steam dragon is heavily wounded.
The steam dragon bites you. You block the steam dragon's attack.
You hit the steam dragon.
The steam dragon is severely wounded.
Joseph shoots a sling bullet.
The sling bullet hits you!
You are too injured to fight recklessly!
You are too injured to fight recklessly!
You are too injured to fight recklessly!
You are too injured to fight recklessly!
You are too injured to fight recklessly!
You are too injured to fight recklessly!
You are too injured to fight recklessly!
You are too injured to fight recklessly!
You are too injured to fight recklessly!
You are too injured to fight recklessly!
You barely miss the steam dragon. You kick the steam dragon.
The steam dragon is severely wounded.
The steam dragon breathes steam at you. The ball of steam hits you!!
* * * LOW HITPOINT WARNING * * *
Joseph shouts, "I love to fight!
I love killing!"
Joseph shoots a sling bullet.
The sling bullet hits you!
* * * LOW HITPOINT WARNING * * *
You can now pass through a line of other dancers.
Okay, then.
The steam dragon bites you but does no damage.
The steam dragon barely misses you.
You hit the steam dragon. Your kick misses the steam dragon.
The steam dragon is severely wounded.
You block the steam dragon's attack. x2; Joseph shoots a sling bullet.
The sling bullet hits you but does no damage.
The steam dragon attacks as it pursues you!
The steam dragon bites you.
You die...
Your body falls in perfect tune with the rhythm.

############.### #
#.### ..>..........#
.# #.### #..........#
##..# #....
#......##.######.....
##.##
#...(........#§..@...
....
#.....###.##.§§...#
.....
###..####.....§...#
.....
##.........D.....#
#..##
#.....#...@##....#
### #.....##...#
...(# #.....##...#
....# #.....###..#
....# #.....# #..#
....# ####### #..#
..... #..# #..###
#### #....### ###..##


You could see Joseph and a steam dragon (catching breath).

Vanquished Creatures
  An orc warlord (Bailey)
  A two-headed ogre (D:8)
  2 orc knights (Bailey)
  A gargoyle (D:8)
  A troll (D:8)
  Sigmund (D:4)
  A wyvern (D:8)
  Grum (D:8)
  A steam dragon (D:7)
  8 orc warriors (Bailey)
  2 water moccasins
  Pargi (Sewer)
  A black bear (D:6)
  A sky beast (D:8)
  An ogre (D:4)
  A centaur (D:7)
  3 wolves (D:8)
  A kobold brigand (D:7)
  A weeping skull (Ossuary)
  3 bullfrogs
  A gnoll sergeant (D:3)
  5 scorpions
  7 water moccasin zombies (Ossuary)
  5 wights (D:7)
  9 killer bees (D:7)
  The ghost of dogverified the Shooter, a weakling MiHu (D:3)
  A howler monkey (D:6)
  3 bombardier beetles
  6 jellies
  2 hounds
  Crazy Yiuf (D:4)
  4 orc priests
  Jessica (D:3)
  An iguana (D:6)
  4 orc wizards
  3 crocodile zombies (Ossuary)
  2 mummies (Ossuary)
  8 gnolls
  9 adders
  A white imp (D:8)
  4 ufetubi
  2 adder zombies (Ossuary)
  4 ribbon worms
  3 dart slugs
  23 orcs
  4 bats
  An endoplasm (D:2)
  7 giant cockroaches
  4 gnoll zombies (Ossuary)
  22 goblins
  10 hobgoblins
  4 jackals (Sewer)
  A quokka (D:2)
  5 ball pythons
  2 jackal zombies (Ossuary)
  6 kobolds
  3 orc zombies (Ossuary)
  6 rats
218 creatures vanquished.

Notes
Turn   | Place    | Note
-------+----------+-------------------------------------------
     0 | D:1      | Orlauf the Demonspawn Gladiator began the quest for the
                  | Orb.
     0 | D:1      | Reached XP level 1. HP: 16/16 MP: 1/1
   385 | D:1      | Gained mutation: You regenerate magic rapidly. [demonic
                  | ancestry]
   385 | D:1      | Reached XP level 2. HP: 18/22 MP: 2/2
   839 | D:2      | Reached XP level 3. HP: 28/28 MP: 3/3
  1101 | D:2      | Identified the +1 mace of the Poles {protect, Will+ Stlth+}
  1111 | D:2      | Reached XP level 4. HP: 30/35 MP: 4/4
  1611 | D:3      | Reached XP level 5. HP: 30/41 MP: 5/5
  1676 | D:3      | Noticed Jessica
  1686 | D:3      | Killed Jessica
  1703 | D:3      | Found a burning altar of Makhleb.
  1764 | D:3      | Identified the +3 leather armour of Fedhas, Hurtling
                  | {+Blink rC+ Int+2}
  1829 | D:3      | Found a transporter.
  1834 | D:3      | Found a transporter.
  1898 | D:3      | Identified the +4 trident "Cidooxud" {elec, Fly Str+5}
  1966 | D:3      | Found a glowing drain.
  1971 | Sewer    | Entered a sewer
  1989 | Sewer    | Reached skill level 5 in Polearms
  2013 | Sewer    | Noticed Pargi
  2025 | Sewer    | Killed Pargi
  2026 | Sewer    | Gained mutation: You have large cloven feet. [demonic
                  | ancestry]
  2026 | Sewer    | Reached XP level 6. HP: 40/48 MP: 6/6
  2524 | D:3      | Noticed dogverified's ghost (weakling MiHu)
  2568 | D:4      | Found Isejeniwk's Armour Boutique.
  2673 | D:4      | Found a sand-covered staircase.
  2678 | Ossuary  | Entered an ossuary
  2835 | Ossuary  | Reached XP level 7. HP: 38/55 MP: 7/7
  2973 | Ossuary  | Reached skill level 5 in Fighting
  3277 | D:4      | Found a runed translucent door.
  3278 | D:4      | Noticed Crazy Yiuf
  3284 | D:4      | Killed Crazy Yiuf
  3400 | D:4      | Found a staircase to the Ecumenical Temple.
  3439 | Temple   | Entered the Ecumenical Temple
  3453 | Temple   | Became a worshipper of Uskayaw the Reveller
  3489 | D:4      | Reached * piety under Uskayaw
  3563 | D:4      | Reached ** piety under Uskayaw
  3565 | D:4      | Reached skill level 1 in Invocations
  3733 | D:4      | Reached XP level 8. HP: 63/63 MP: 8/8
  3799 | D:4      | Noticed Sigmund
  3807 | D:4      | Reached *** piety under Uskayaw
  3810 | D:4      | Reached **** piety under Uskayaw
  3811 | D:4      | Killed Sigmund
  4534 | D:3      | Killed dogverified's ghost
  4541 | D:3      | Reached ***** piety under Uskayaw
  4745 | D:5      | Entered Level 5 of the Dungeon
  4801 | D:5      | Reached skill level 1 in Shields
  5210 | D:6      | Found a stormy altar of Qazlal.
  5218 | D:6      | Found a blossoming altar of Fedhas.
  5395 | D:6      | Reached XP level 9. HP: 71/71 MP: 12/12
  5495 | D:6      | Found Byich's Mayhem Merchandise.
  6079 | D:7      | Found a flagged portal.
  6100 | Bailey   | Entered a bailey
  6152 | Bailey   | Reached skill level 5 in Invocations
  6311 | Bailey   | Noticed an orc knight
  6330 | Bailey   | Killed an orc knight
  6362 | Bailey   | Noticed an orc knight
  6367 | Bailey   | Reached skill level 5 in Shields
  6372 | Bailey   | Killed an orc knight
  6383 | Bailey   | Noticed an orc warlord
  6409 | Bailey   | Killed an orc warlord
  6410 | Bailey   | Reached skill level 10 in Polearms
  6410 | Bailey   | Reached XP level 10. HP: 11/80 MP: 13/15
  6596 | Bailey   | Identified the +2 scale mail of Intylew {Will+}
  6862 | Bailey   | Acquired a manual of Fighting
  6884 | Bailey   | Reached skill level 10 in Fighting
  6884 | Bailey   | Reached skill level 5 in Armour
  6884 | Bailey   | Gained mutation: You have a somewhat thin skeletal
                  | structure. (Dex +2, Stealth+) [demonic ancestry]
  6884 | Bailey   | Reached XP level 11. HP: 90/90 MP: 15/17
  8351 | D:8      | Noticed a two-headed ogre
  8362 | D:8      | Killed a two-headed ogre
  8669 | D:8      | Noticed Grum
  8678 | D:8      | Killed Grum
  8949 | D:8      | Noticed Joseph
  8953 | D:8      | HP: 1/92 [Joseph/sling bullet (16)]
  8956 | D:8      | Slain by a steam dragon

Illustrated notes

Levels and vault maps discovered:
D:1:      psy_arrival_heroes, layout_basic, minmay_worlds_worst_comb
D:2:      minmay_skewed_foursquare, layout_loops_ring, grunt_decor_mini_mirrors
D:3:      layout_basic, general_overflow_altar, gammafunk_ghost_gnarly_gnolls,
          portal_sewer_entry_e, uniq_jessica
D:4:      layout_basic, minmay_temple_entry_hall, serial_shops, shop,
          serial_curves, eino_curves_03, eino_curves_04, eino_curves_04,
          nicolae_ossuary_entry_plus, uniq_crazy_yiuf_cottage, uniq_sigmund
D:5:      layout_rooms
D:6:      layout_basic, grunt_temple_overflow_forces_of_nature,
          minmay_shop_mayhem, dreamdust_wishing_well
D:7:      layout_layer_cave, enter_bailey_1
D:8:      layout_loops_cross, mainiacjoe_overflow_brackets,
          nicolae_two_hexagons, uniq_grum, uniq_joseph
Temple:   nicolae_temple_bog_church

Skill      XL: |  1  2  3  4  5  6  7  8  9 10 11 |
---------------+----------------------------------+-----
Polearms       | 3 4 5 6 7 8 10 | 10.9
Fighting       | 3 4 5 6 7 10 | 10.8
Invocations    | 1 4 7 9 |  9.9
Shields        | 2 6 8 9 |  9.3
Armour         | 5 |  5.4
Throwing       | |  1.7
Dodging        | |  2.6

Action                     |  1- 3 |  4- 6 |  7- 9 | 10-12 || total
---------------------------+-------+-------+-------+-------++-------
  Melee: Trident           |   120 |   169 |   296 |   171 ||   756
         Kick              |       |    19 |    83 |    38 ||   140
         Halberd           |       |       |    22 |       ||    22
  Throw: Throwing net      |       |       |     3 |     1 ||     4
         Dart              |       |       |     1 |       ||     1
  Evoke: Wand              |       |       |    15 |       ||    15
    Use: Scroll            |     2 |    10 |    13 |     4 ||    29
         Potion            |       |       |     4 |     1 ||     5
   Stab: Paralysed         |       |       |    12 |    10 ||    22
 Armour: Leather armour    |     5 |       |       |       ||     5
         Ring mail         |    58 |   104 |    65 |       ||   227
         Chain mail        |       |       |    67 |       ||    67
         Plate armour      |       |       |       |   101 ||   101
  Dodge: Dodged            |    69 |    79 |    65 |    23 ||   236
  Block: Kite shield       |       |       |    29 |    76 ||   105

Table legend: (Time is in decaauts)
 A = Elapsed time spent in this place.
 B = Non-inter-level travel time spent in this place.
 C = Inter-level travel time spent in this place.
 D = Time resting spent in this place.
 E = Time spent auto-exploring this place.
 F = Levels seen in this place.
 G = Mean time per level.
                   A        B        C        D        E       F      G
               +--------+--------+--------+--------+--------+-----+--------+
         Total |   8929 |   8639 |    290 |    571 |   6113 |  12 |  744.1 |
       Dungeon |   7403 |   7124 |    279 |    346 |   5369 |   8 |  925.4 |
        Temple |     24 |     14 |     10 |      0 |      0 |   1 |   24.0 |
         Sewer |    174 |    174 |      0 |      0 |     92 |   1 |  174.0 |
       Ossuary |    553 |    553 |      0 |    145 |    196 |   1 |  553.0 |
        Bailey |    773 |    773 |      0 |     80 |    456 |   1 |  773.0 |
               +--------+--------+--------+--------+--------+-----+--------+

Top non-repeatable levels by time:
     D:7: 1502 daAuts
     D:4: 1343 daAuts
     D:3: 1047 daAuts
     D:2: 899 daAuts
     D:6: 802 daAuts
  Bailey: 773 daAuts
     D:1: 720 daAuts
     D:8: 622 daAuts
 Ossuary: 553 daAuts
     D:5: 465 daAuts
   Sewer: 174 daAuts
  Temple: 24 daAuts
